Map: [TLMC15] Pride of Altaris

Players

DPGRogue (Rogue)

  • Race: Zerg Zerg

Classic - Winner!

  • Race: Protoss Protoss
  • League: Master

Event: StayAtHome Story Cup #4

VOD

Have the link to the VOD?

Description

Time

  • Played on: Oct. 22, 2021, 8:24 a.m.
  • Length: 8:48

All games in this series

Show
View Real Time Build Order
Export as new Build Order

DPGRogue Zerg 

Build Orders: Hatch First 

Get SALT Encoding   

  12  0:01  Drone  
  13  0:12  Overlord  
  13  0:17  Drone  
  14  0:30  Drone x2  
  16  0:47  Hatchery  
  15  0:50  Drone  
  15  0:54  Drone  
  17  0:57  Drone  
  18  1:08  Extractor  
  17  1:13  Spawning Pool  
  17  1:15  Drone  
  17  1:20  Drone  
  18  1:29  Drone  
  19  1:39  Drone  
  20  1:48  Overlord  
  20  2:00  Queen x2  
  24  2:01  Zergling x2  
  24  2:02  Drone  
  26  2:11  Drone x2  
  26  2:14  Metabolic Boost  
  28  2:22  Drone x2  
  30  2:33  Drone x2  
  32  2:42  Hatchery  
  31  2:45  Drone x2  
  31  2:49  Queen  
  35  2:55  Zergling x2  
  35  2:57  Overlord  
  35  3:16  Zergling x4  
  35  3:17  Drone x4, Queen  
  43  3:20  Spore Crawler  
  43  3:24  Drone  
  43  3:28  Spore Crawler, Queen  
  44  3:39  Overlord  
  44  3:54  Zergling x12  
  50  3:57  Overlord, Queen  
  50  3:58  Queen  
  50  4:00  Drone  
  50  4:01  Drone  
  56  4:04  Drone  
  56  4:05  Drone  
  57  4:13  Drone  
  57  4:17  Queen  
  57  4:20  Drone x4  
  62  4:25  Overlord  
  62  4:27  Drone x2  
  64  4:34  Roach Warren  
  64  4:35  Queen  
  65  4:40  Overlord  
  63  4:45  Extractor  
  63  4:46  Extractor  
  63  4:47  Spore Crawler  
  63  4:48  Drone x3  
  63  4:49  Drone  
  63  4:54  Drone x3  
  63  4:56  Drone  
  63  4:59  Overlord  
  67  5:04  Drone x3  
  67  5:05  Drone  
  71  5:08  Overlord  
  71  5:14  Overlord  
  71  5:15  Overlord  
  71  5:19  Overlord  
  71  5:27  Roach x4  
  78  5:30  Roach  
  79  5:36  Roach x2  
  79  5:41  Zergling x2  
  79  5:42  Zergling x8  
  88  5:47  Zergling x8  
  89  5:50  Zergling x2  
  89  5:51  Zergling x2  
  89  5:54  Ravager  
  89  5:55  Ravager x4  
  89  5:56  Zergling x2  
  96  5:59  Zergling x2  
  96  6:00  Queen  
  96  6:03  Zergling x2, Ravager  
  96  6:04  Zergling x4  
  103  6:08  Drone  
  103  6:09  Drone x2  
  106  6:13  Drone x2  
  106  6:15  Drone  
  106  6:16  Lair  
  106  6:17  Drone  
  110  6:18  Drone  
  110  6:22  Drone  
  110  6:24  Drone  
  111  6:27  Drone  
  111  6:28  Queen  
  109  6:33  Drone  
  109  6:35  Drone x5  
  110  6:43  Drone x3  
  113  6:53  Queen  
  104  6:58  Extractor  
  104  7:00  Drone x5  
  99  7:03  Queen  
  99  7:07  Extractor x2  
  97  7:14  Queen  
  91  7:15  Spire  
  91  7:16  Zergling x8  
  91  7:17  Hatchery  
  91  7:22  Zergling x6  
  91  7:29  Queen  
  88  7:30  Zergling x6  
  88  7:32  Zergling x2  
  88  7:35  Zergling x4  
  94  7:39  Queen  
  94  7:40  Zergling x12  
  102  7:46  Zergling x2  
  102  7:47  Spore Crawler  
  102  7:50  Queen  
  101  7:52  Zergling x4  
  96  8:03  Overlord x2  
  98  8:05  Zergling x2  
  98  8:06  Zergling x14  
  98  8:07  Overlord  
  101  8:41  Extractor  
Show
View Real Time Build Order
Export as new Build Order

Classic Protoss - Winner!

Build Orders: 1 Gate Expand, Oracle Opening 

Get SALT Encoding   

  12  0:00  Probe  
  13  0:12  Probe  
  14  0:18  Pylon  
  14  0:24  Probe  
  15  0:36  Probe (Chrono Boost)  
  15  0:38  Gateway  
  16  0:46  Probe (Chrono Boost), Assimilator  
  17  0:51  Probe (Chrono Boost)  
  18  1:03  Probe  
  19  1:15  Probe  
  20  1:24  Nexus  
  20  1:27  Probe  
  21  1:37  Cybernetics Core  
  21  1:40  Probe  
  22  1:47  Assimilator  
  22  1:53  Pylon  
  22  1:54  Probe  
  23  2:10  Adept (Chrono Boost)  
  23  2:11  Probe  
  26  2:16  Stargate  
  26  2:23  Probe  
  26  2:25  Warp Gate  
  27  2:32  Pylon  
  27  2:34  Adept  
  29  2:37  Probe (Chrono Boost)  
  29  2:40  Probe (Chrono Boost)  
  31  2:51  Probe x2 (Chrono Boost)  
  33  2:55  Probe x2 (Chrono Boost)  
  35  2:59  Oracle (Chrono Boost)  
  38  3:06  Probe x2  
  40  3:15  Pylon  
  40  3:18  Probe  
  41  3:21  Probe  
  41  3:24  Gateway  
  41  3:25  Void Ray (Chrono Boost), Adept  
  44  3:33  Probe x2  
  50  3:39  Assimilator  
  50  3:41  Assimilator  
  50  3:43  Pylon  
  50  3:48  Probe x2  
  52  3:54  Pylon  
  52  4:00  Probe x2  
  54  4:12  Probe x2  
  54  4:20  Fleet Beacon  
  54  4:24  Probe x2  
  56  4:33  Stargate, Pylon  
  56  4:38  Probe x2  
  58  4:50  Probe x2  
  60  4:56  Zealot x2  
  69  5:07  Tempest (Chrono Boost)  
  69  5:09  Pylon  
  69  5:21  Nexus, Tempest (Chrono Boost)  
  74  5:25  Zealot  
  76  5:33  Tempest (Chrono Boost)  
  76  5:36  Pylon  
  76  5:41  Shield Battery  
  81  5:49  Zealot  
  81  5:53  Probe x2  
  83  5:59  Pylon  
  83  6:05  Shield Battery  
  83  6:11  Zealot  
  82  6:12  Zealot  
  82  6:17  Tempest x2  
  82  6:18  Shield Battery  
  94  6:19  Shield Battery  
  92  6:25  Pylon  
  92  6:26  Pylon  
  90  6:33  Zealot  
  90  6:34  Zealot  
  94  6:43  Pylon x2  
  94  6:45  Pylon, Unknown  
  88  6:54  Nexus  
  88  6:57  Zealot x2  
  88  6:59  Tempest (Chrono Boost)  
  88  7:00  Tempest (Chrono Boost)  
  96  7:19  Flux Vanes, Nexus  
  93  7:26  Void Ray x2 (Chrono Boost)  
  93  7:28  Probe x2  
  103  7:37  Zealot x2  
  107  7:52  Probe x2  
  109  7:58  Void Ray (Chrono Boost)  
  109  7:59  Zealot x2, Void Ray (Chrono Boost)  
  121  8:06  Stargate  
  121  8:08  Pylon  
  121  8:16  Shield Battery  
  121  8:17  Shield Battery  
  113  8:25  Zealot x2  
  113  8:26  Shield Battery  
  115  8:32  Probe  
  115  8:33  Probe x2  
  118  8:38  Assimilator  
Tags
 
Add a new tag
Caveats
  • Supply blocks, unpowered buildings, or Contaminate may cause inaccurate times.
  • Supply counts are checked every 10 seconds.